 Seeded DCSS version 0.31-a0-521-gc7390f8997 (webtiles) character file.

Game seed: 6179516129219275505 (custom seed)

60 innerfire43 the Insei (level 4, -2/34 HPs)
             Began as a Gnoll Shapeshifter on Aug 10, 2023.
             Slain by a gnoll
             ... wielding a +0 spear
              (4 damage)
             ... on level 2 of the Dungeon.
             The game lasted 00:01:11 (457 turns).

innerfire43 the Insei (Gnoll Shapeshifter)           Turns: 457, Time: 00:01:11

Health: -2/34      AC:  2    Str: 14    XL:     4   Next: 6%
Magic:  3/5        EV: 13    Int:  8    God:
Gold:   32         SH:  0    Dex: 14    Spells: 5/5 levels left

rFire   . .          .
                       - Unarmed
rCold   . . .        (shield currently unavailable)
rNeg    . . .        a - +0 animal skin
rPois   .            (no helmet)
rElec   .            (no cloak)
rCorr   .            (no gloves)
SInv    .            (no boots)
Will    .....        (no amulet)
Stlth   +            (no ring)
HPRegen 0.25/turn    (no ring)
MPRegen 0.09/turn

%: no passive effects
@: flux-form, glowing
A: glow, contaminating, fangs 1, strong nose, distributed training
a: Begin Untransformation


You were on level 2 of the Dungeon.
You were something dangerously unstable.
You visited 1 branch of the dungeon, and saw 2 of its levels.

You collected 32 gold pieces.

Inventory:

Armour
 a - a +0 animal skin (worn)
Talismans
 c - a beast talisman
 d - a flux talisman (active)
Scrolls
 e - a scroll of immolation {unknown}
 g - a scroll of identify
 i - a scroll of teleportation
Potions
 b - a potion of lignification
 f - a potion of enlightenment {unknown}


   Skills:
 + Level 2.7 Fighting
 + Level 1.0 Short Blades
 + Level 1.0 Long Blades
 + Level 1.0 Axes
 + Level 1.0 Maces & Flails
 + Level 1.0 Polearms
 + Level 1.0 Staves
 + Level 1.0 Ranged Weapons
 + Level 1.0 Throwing
 + Level 1.0 Armour
 + Level 4.6 Dodging
 + Level 1.0 Stealth
 + Level 1.0 Shields
 + Level 6.6 Unarmed Combat
 + Level 1.0 Spellcasting
 + Level 0.8 Conjurations
 + Level 0.8 Hexes
 + Level 0.8 Summonings
 + Level 0.8 Necromancy
 + Level 0.8 Translocations
 + Level 0.8 Transmutations
 + Level 0.8 Fire Magic
 + Level 0.8 Ice Magic
 + Level 0.8 Air Magic
 + Level 0.8 Earth Magic
 + Level 0.8 Poison Magic
 + Level 1.1 Invocations
 + Level 1.0 Evocations
 + Level 6.5 Shapeshifting


You had 5 spell levels left.
You didn't know any spells.
Your spell library was empty.

Dungeon Overview and Level Annotations

Branches:
Dungeon (2/15)

Altars:


Innate Abilities, Weirdness & Mutations

You are something dangerously unstable.
You glow with magical radiation, making you easy to see and hit.
Foes you strike become dangerously contaminated with magical radiation.
You are incapable of wielding weapons or throwing items.
You have very sharp teeth.
Your uncanny sense of smell can sniff out nearby items.
Your experience applies equally to all skills.


Message History

Okay, then.
You hit Terence but do no damage.
Terence shudders as magic cascades through him!!
You kill Terence!
The gnoll hits you from afar with a +0 spear!
Your Short Blades skill increases to level 1!
Your Long Blades skill increases to level 1!
Your Axes skill increases to level 1!
Your Maces & Flails skill increases to level 1!
Your Polearms skill increases to level 1!
Your Staves skill increases to level 1!
Your Ranged Weapons skill increases to level 1!
Your Throwing skill increases to level 1!
Your Armour skill increases to level 1!
Your Stealth skill increases to level 1!
Your Shields skill increases to level 1!
Your Spellcasting skill increases to level 1!
Your Invocations skill increases to level 1!
Your Evocations skill increases to level 1!
You have reached level 4!
You feel clever.
You hit the rat but do no damage.
The rat begins to glow.
The gnoll hits you from afar with a +0 spear.
The rat bites you.
* * * LOW HITPOINT WARNING * * *
You hit the rat but do no damage.
The rat glows dangerously bright.
You bite the rat, but do no damage. The gnoll closely misses you.
The rat bites you.
* * * LOW HITPOINT WARNING * * *
You hit the rat.
You kill the rat!
The gnoll hits you from afar with a +0 spear.
* * * LOW HITPOINT WARNING * * *
As you read the scroll labelled YRY XATIOTHRIKH, it crumbles to dust.
It is a scroll of identify.
i - a scroll of teleportation The quokka bites you.
* * * LOW HITPOINT WARNING * * *
The gnoll hits you from afar with a +0 spear.
You die...

#.....# #....# #.
#.....###....## #.
#.............# #.
#.............# #.
#.#...........# #.
#.#...........###.
#.#...............
#)##......)...#..#
#B............#.##
#gr###............#
....g
####.#####..##
.......
#.###...####
....... #.
#...†.).. .......
#.#..#.#####
....... ....##.
....... ..## ## .


You could see 2 gnolls and a quokka.

Vanquished Creatures
  Terence (D:2)
  A gnoll (D:2)
  An endoplasm (D:1)
  A giant cockroach (D:1)
  3 hobgoblins (D:2)
  6 jackals (D:1)
  2 kobolds (D:2)
  2 quokkas
  A ball python (D:2)
  2 bats
  5 rats
25 creatures vanquished.

Notes
Turn   | Place    | Note
-------+----------+-------------------------------------------
     0 | D:1      | innerfire43 the Gnoll Shapeshifter began the quest for the
                  | Orb.
     0 | D:1      | Reached XP level 1. HP: 17/17 MP: 1/1
    41 | D:1      | Reached XP level 2. HP: 4/23 MP: 2/2
   154 | D:1      | HP: 1/23 [giant cockroach (1)]
   315 | D:1      | You fall into a shaft and drop 1 floor!
   399 | D:2      | Reached XP level 3. HP: 25/28 MP: 3/3
   446 | D:2      | Noticed Terence
   453 | D:2      | Killed Terence
   454 | D:2      | Reached skill level 1 in Short Blades
   454 | D:2      | Reached skill level 1 in Long Blades
   454 | D:2      | Reached skill level 1 in Axes
   454 | D:2      | Reached skill level 1 in Maces & Flails
   454 | D:2      | Reached skill level 1 in Polearms
   454 | D:2      | Reached skill level 1 in Staves
   454 | D:2      | Reached skill level 1 in Ranged Weapons
   454 | D:2      | Reached skill level 1 in Throwing
   454 | D:2      | Reached skill level 1 in Armour
   454 | D:2      | Reached skill level 1 in Stealth
   454 | D:2      | Reached skill level 1 in Shields
   454 | D:2      | Reached skill level 1 in Spellcasting
   454 | D:2      | Reached skill level 1 in Invocations
   454 | D:2      | Reached skill level 1 in Evocations
   454 | D:2      | Reached XP level 4. HP: 15/34 MP: 3/5
   457 | D:2      | Slain by a gnoll

Illustrated notes

Levels and vault maps discovered:
D:1:      onia_arrival_pyramid, layout_basic,
          shapermc_ecumenical_altar_mp_vishouse, minmay_shallow_snake_nest
D:2:      layout_basic, uniq_terence

Skill      XL: |  1  2  3 |
---------------+----------+-----
Short Blades   | 1 |  1.0
Long Blades    | 1 |  1.0
Axes           | 1 |  1.0
Maces & Flails | 1 |  1.0
Polearms       | 1 |  1.0
Staves         | 1 |  1.0
Ranged Weapons | 1 |  1.0
Throwing       | 1 |  1.0
Armour         | 1 |  1.0
Stealth        | 1 |  1.0
Shields        | 1 |  1.0
Spellcasting   | 1 |  1.0
Invocations    | 1 |  1.1
Evocations     | 1 |  1.0
Fighting       | |  2.7
Dodging        | |  4.6
Unarmed Combat | |  6.6
Conjurations   | |  0.8
Hexes          | |  0.8
Summonings     | |  0.8
Necromancy     | |  0.8
Translocations | |  0.8
Transmutations | |  0.8
Fire Magic     | |  0.8
Ice Magic      | |  0.8
Air Magic      | |  0.8
Earth Magic    | |  0.8
Poison Magic   | |  0.8
Shapeshifting  | |  6.5

Action                     |  1- 3 |  4- 6 || total
---------------------------+-------+-------++-------
  Melee: Unarmed           |    65 |     3 ||    68
         Bite              |     3 |     1 ||     4
    Use: Potion            |     1 |       ||     1
         Scroll            |       |     1 ||     1
 Armour: Animal skin       |    12 |       ||    12
  Dodge: Dodged            |    65 |     1 ||    66
   Form: Flux              |     1 |       ||     1

Table legend: (Time is in decaauts)
 A = Elapsed time spent in this place.
 B = Non-inter-level travel time spent in this place.
 C = Inter-level travel time spent in this place.
 D = Time resting spent in this place.
 E = Time spent auto-exploring this place.
 F = Levels seen in this place.
 G = Mean time per level.
                   A        B        C        D        E       F      G
               +--------+--------+--------+--------+--------+-----+--------+
         Total |    448 |    448 |      0 |      0 |    331 |   2 |  224.0 |
       Dungeon |    448 |    448 |      0 |      0 |    331 |   2 |  224.0 |
               +--------+--------+--------+--------+--------+-----+--------+

Top non-repeatable levels by time:
     D:1: 310 daAuts
     D:2: 137 daAuts
